 Dungeon Crawl Stone Soup version 0.25.0-9-g26727b657a (webtiles) character file.

Game seed: 6726367725015471236

34518 Froggeryz the Bludgeoner (level 13, -3/83 HPs)
             Began as a Gargoyle Berserker on June 17, 2020.
             Was the Champion of Trog.
             Killed from afar by a tengu conjurer (22 damage)
             ... with a bolt of magma
             ... led by a tengu conjurer
             ... on level 14 of the Dungeon.
             The game lasted 00:28:24 (15678 turns).

Froggeryz the Bludgeoner (Gargoyle Berserker)      Turns: 15678, Time: 00:28:24

Health: -3/83      AC: 22    Str: 24    XL:     13   Next: 77%
Magic:  13/13      EV: 13    Int:  9    God:    Trog [******]
Gold:   1067       SH:  0    Dex: 10    Spells: 12/12 levels left

rFire    . . .     SeeInvis +   t - +5 demon whip (elec)
rCold    + + +     Gourm    .   (no shield)
rNeg     + . .     Faith    .   X - +0 scale mail
rPois    ∞         Spirit   .   j - +0 helmet of the Loofah {-Tele rPois rC+++ MR+++}
rElec    +         Reflect  .   W - +0 cloak
rCorr    .         Harm     .   (no gloves)
MR       ++++.     NoTele   +   m - +0 pair of boots
Stlth    ..........             (no amulet)
HPRegen  0.23/turn              y - ring of see invisible
MPRegen  0.13/turn              L - ring of protection from magic

@: no status effects
A: negative energy resistance 1, electricity resistance, unbreathing,
petrification resistance, rot immunity, AC +9
a: Berserk, Trog's Hand, Brothers in Arms, Renounce Religion


You were on level 14 of the Dungeon.
You worshipped Trog.
Trog was exalted by your worship.
You were not hungry.

You visited 1 branch of the dungeon, and saw 14 of its levels.
You also visited: Gauntlet and Ice Cave.

You collected 1067 gold pieces.

Inventory:

Hand Weapons
 t - a +5 demon whip of electrocution (weapon)
 E - a +3 flail of protection
 O - a cursed +5 morningstar
Missiles
 R - 12 javelins (quivered)
 V - 6 curare-tipped darts
Armour
 j - the +0 helmet of the Loofah (worn) {-Tele rPois rC+++ MR+++}
   (You found it in a Gauntlet)

   It renders you almost immune to cold.
   It protects you from poison.
   It affects your resistance to hostile enchantments.
   It prevents most forms of teleportation.
 m - a +0 pair of boots (worn)
 x - the +3 ice dragon scales "Utaurch" {rElec rF- rC++ rN++ Str+5}
   (You found it in an ice cave)

   It affects your strength (+5).
   It makes you vulnerable to fire.
   It greatly protects you from cold.
   It insulates you from electricity.
   It greatly protects you from negative energy.
 H - a +0 plate armour
 W - a +0 cloak (worn)
 X - a +0 scale mail (worn)
Jewellery
 y - a ring of see invisible (left hand)
 L - a ring of protection from magic (right hand)
 T - a +4 ring of protection {unknown}
Wands
 r - a wand of enslavement (7)
 s - a wand of paralysis (22)
 u - a wand of iceblast (23)
 v - a wand of disintegration (8)
 z - a wand of clouds (6)
 B - a wand of flame (31)
 C - a wand of polymorph (15)
 D - a wand of acid (11)
 I - a wand of random effects (9)
Scrolls
 b - a scroll of holy word
 d - 9 scrolls of teleportation
 e - 10 scrolls of remove curse
 g - 5 scrolls of enchant armour
 k - 5 scrolls of enchant weapon
 o - 2 scrolls of noise
 q - 2 scrolls of fear
 A - 3 scrolls of amnesia
 K - 4 scrolls of identify
 M - a scroll of magic mapping
 N - 5 scrolls of blinking {unknown}
 P - 2 scrolls of immolation {unknown}
 S - a scroll of silence {unknown}
Potions
 a - 2 potions of might
 f - a potion of lignification
 h - a potion of flight
 i - 4 potions of ambrosia
 l - 4 potions of curing
 n - a potion of cancellation {unknown}
 p - a potion of berserk rage {unknown}
 w - a potion of heal wounds {unknown}
 G - a potion of mutation
 J - a potion of invisibility {unknown}
 U - 2 potions of magic
Miscellaneous
 Q - a phantom mirror
 Y - a tin of tremorstones (3/3)
Comestibles
 c - 29 rations
 Z - 3 chunks of flesh


   Skills:
 * Level 10.5 Fighting
 - Level 17.0 Maces & Flails
 + Level 9.5 Armour
 + Level 7.2 Dodging


You had 12 spell levels left.
You didn't know any spells.
Your spell library was empty.

Dungeon Overview and Level Annotations

Branches:
Dungeon (14/15)            Temple (0/1) D:7            Lair (0/6) D:9
    Orc (0/2) D:11         Vaults (0/5) D:13          IceCv (visited)
Gauntlet (visited)

Altars:
Ashenzari
Dithmenos
Elyvilon
Fedhas
Hepliaklqana
Nemelex Xobeh
Okawaru
Sif Muna
Vehumet
Xom
Zin
The Shining One


Innate Abilities, Weirdness & Mutations

You are resistant to torment.
Your stone body is resilient. (AC +9)
You are immune to poison.
You resist negative energy. (rN+)
You are resistant to electric shocks. (rElec)
You can survive without breathing.
You are immune to petrification.
You are immune to rotting.


Message History

The skeletal warrior hits you from afar with a +0 trident.
You hit the skeletal warrior but do no damage.
The skeletal warrior is severely damaged.
The skeletal warrior hits you but does no damage.
You whack the skeletal warrior!
Lightning courses through the skeletal warrior!
You destroy the skeletal warrior!
Trog accepts your kill.
The skeletal warrior hits you from afar with a +0 trident.
The tengu conjurer points at you and mumbles some strange words.
The bolt of magma hits you!
* * * LOW HITPOINT WARNING * * *
You see here an uncursed amulet of magic regeneration.
The tengu conjurer points at you and mumbles some strange words.
The puff of flame hits you.
* * * LOW HITPOINT WARNING * * *
There is a stone staircase leading up here.
The tengu conjurer casts a spell at you.
The bolt of magma hits you!!
You die...

P. #. ..# #. ...
##.## . ...
##...## ..?
u#.###.#
#(##.....##.[...
uu.<...#
#.....♣†........
########
#...###....#
#..)# #.# #.@.#
#)..#
#####.Q.####.#
#.....♣......#
#...##.....##..#
.. ##.".## #
##.## #)# #z#


You could see a tengu conjurer.

Vanquished Creatures
  Gastronok (D:8)
  A dire elephant (Gauntlet)
  A minotaur (Gauntlet)
  2 two-headed ogres
  2 centaur warriors (D:11)
  Sonja (D:11)
  An iron troll (D:13)
  3 skeletal warriors (D:14)
  An unseen horror (D:9)
  A glowing orange brain (Gauntlet)
  Pikel (D:5)
  A lindwurm (D:13)
  A phantasmal warrior (D:13)
  3 cyclopes
  A manticore (D:13)
  5 ugly things
  2 elephants
  3 ice statues (IceCv)
  A gargoyle (D:9)
  A molten gargoyle (D:13)
  A kobold demonologist (D:10)
  3 trolls
  3 meliai (D:13)
  A tengu conjurer (D:14)
  2 slime creatures (D:14)
  2 hornets
  4 hippogriffs
  8 yaks
  A spriggan (D:7)
  2 wyverns
  2 basilisks
  3 hungry ghosts
  A steam dragon (D:9)
  2 soldier ants
  2 water moccasins (D:11)
  4 sky beasts
  2 slaves
  11 orc warriors
  A black bear (shapeshifter) (D:13)
  A phantom (D:4)
  7 ice beasts
  3 black bears
  8 ogres
  13 centaurs
  6 small abominations (Gauntlet)
  3 crocodiles
  23 big kobolds
  6 bullfrogs
  A wyvern skeleton (D:13)
  6 scorpions
  5 wights (D:9)
  17 killer bees
  7 howler monkeys
  13 crimson imps
  3 jellies
  A lava snake (D:13)
  10 orc priests
  4 centaur skeletons
  10 hounds
  22 orc wizards
  Ijyb (D:3)
  Jessica (D:2)
  3 iguanas
  9 worker ants
  2 hound zombies (D:11)
  A hound skeleton (D:8)
  A howler monkey zombie (D:5)
  2 worker ant zombies
  A howler monkey skeleton (D:7)
  7 adders
  4 gnolls (D:8)
  4 shadow imps
  An ooze (D:5)
  An adder zombie (D:7)
  6 worms
  2 dart slugs (D:1)
  11 leopard geckos
  62 orcs
  9 giant cockroaches
  17 goblins
  5 hobgoblins
  12 jackals
  18 kobolds
  4 quokkas
  2 ball pythons
  7 bats
  10 frilled lizards
  A leopard gecko skeleton (D:4)
  A quokka skeleton (D:4)
  8 rats
470 creatures vanquished.

Vanquished Creatures (others)
  A howler monkey (D:5)
  A plant (D:14)
2 creatures vanquished.

Grand Total: 472 creatures vanquished

Notes
Turn   | Place    | Note
-------+----------+-------------------------------------------
     0 | D:1      | Froggeryz the Gargoyle Berserker began the quest for the
                  | Orb.
     0 | D:1      | Reached XP level 1. HP: 14/14 MP: 1/1
   232 | D:1      | Reached XP level 2. HP: 19/19 MP: 2/2
   551 | D:1      | Reached skill level 4 in Maces & Flails
   605 | D:1      | Reached XP level 3. HP: 10/23 MP: 3/3
   882 | D:1      | Reached ** piety under Trog
  1789 | D:2      | Found a hazy altar of Hepliaklqana.
  1806 | D:2      | Reached XP level 4. HP: 14/28 MP: 4/4
  2058 | D:2      | Reached skill level 5 in Maces & Flails
  2373 | D:2      | Found a blossoming altar of Fedhas.
  2540 | D:2      | Found a white marble altar of Elyvilon.
  2540 | D:2      | Found a glowing silver altar of Zin.
  2541 | D:2      | Found a glowing golden altar of the Shining One.
  2598 | D:2      | Noticed Jessica
  2616 | D:2      | Killed Jessica
  2616 | D:2      | Reached XP level 5. HP: 20/32 MP: 5/5
  2925 | D:2      | Reached *** piety under Trog
  3116 | D:3      | Noticed Ijyb
  3126 | D:3      | Killed Ijyb
  3224 | D:3      | Found a radiant altar of Vehumet.
  3380 | D:3      | Reached skill level 6 in Maces & Flails
  3522 | D:3      | Found a shadowy altar of Dithmenos.
  3939 | D:4      | Reached XP level 6. HP: 33/37 MP: 6/6
  4016 | D:4      | Noticed a phantom
  4073 | D:4      | Killed a phantom
  4073 | D:4      | Reached skill level 7 in Maces & Flails
  4319 | D:4      | Reached XP level 7. HP: 40/41 MP: 7/7
  4424 | D:4      | Reached skill level 8 in Maces & Flails
  4704 | D:5      | Entered Level 5 of the Dungeon
  4759 | D:5      | Reached **** piety under Trog
  4770 | D:5      | Noticed Pikel
  5307 | D:5      | Killed Pikel
  5307 | D:5      | Reached skill level 10 in Maces & Flails
  5307 | D:5      | Reached XP level 8. HP: 46/46 MP: 8/8
  5651 | D:5      | Found a shimmering altar of Xom.
  5664 | D:5      | Reached skill level 11 in Maces & Flails
  5935 | D:6      | Reached XP level 9. HP: 49/51 MP: 9/9
  5957 | D:6      | Found a shattered altar of Ashenzari.
  6446 | D:6      | Found an iron altar of Okawaru.
  6594 | D:7      | Reached skill level 12 in Maces & Flails
  7428 | D:7      | Reached skill level 13 in Maces & Flails
  7549 | D:7      | Reached ***** piety under Trog
  7688 | D:7      | Reached XP level 10. HP: 46/56 MP: 10/10
  7795 | D:7      | Found a staircase to the Ecumenical Temple.
  7995 | D:7      | Reached skill level 14 in Maces & Flails
  8581 | D:8      | Found a sparkling altar of Nemelex Xobeh.
  8723 | D:8      | Noticed a two-headed ogre
  8724 | D:8      | Found a shimmering blue altar of Sif Muna.
  8733 | D:8      | Killed a two-headed ogre
  8733 | D:8      | Reached skill level 15 in Maces & Flails
  8862 | D:8      | Identified Kotaq's Disquisition on Execration and Earth
  8921 | D:8      | Noticed Gastronok
  8940 | D:8      | Killed Gastronok
  8940 | D:8      | Reached XP level 11. HP: 32/60 MP: 11/11
  8943 | D:8      | Reached skill level 16 in Maces & Flails
  9404 | D:9      | Noticed an unseen horror
  9511 | D:9      | Killed an unseen horror
  9856 | D:9      | Found a staircase to the Lair.
 10192 | D:9      | Received a gift from Trog
 10261 | D:10     | Entered Level 10 of the Dungeon
 10322 | D:10     | Reached skill level 17 in Maces & Flails
 10873 | D:10     | Reached XP level 12. HP: 59/68 MP: 12/12
 10968 | D:11     | Found a staircase to the Orcish Mines.
 10978 | D:11     | Found a gate leading to a gauntlet.
 10982 | Gauntlet | Entered a Gauntlet
 10982 | Gauntlet | Found a transporter.
 10982 | Gauntlet | Found a transporter.
 10985 | Gauntlet | Found a transporter.
 10988 | Gauntlet | Found a transporter.
 10988 | Gauntlet | Found a transporter.
 10989 | Gauntlet | Noticed a queen ant
 11003 | Gauntlet | Found a transporter.
 11015 | Gauntlet | Found a transporter.
 11036 | Gauntlet | Found a transporter.
 11036 | Gauntlet | Found a transporter.
 11038 | Gauntlet | Found a transporter.
 11045 | Gauntlet | Noticed a great orb of eyes
 11048 | Gauntlet | Found a transporter.
 11064 | Gauntlet | Found a transporter.
 11073 | Gauntlet | Noticed a five-headed hydra
 11074 | Gauntlet | Found a transporter.
 11088 | Gauntlet | Found a transporter.
 11160 | Gauntlet | Reached skill level 5 in Fighting
 11311 | Gauntlet | Noticed a dire elephant
 11342 | Gauntlet | Killed a dire elephant
 11342 | Gauntlet | Reached skill level 5 in Armour
 11370 | Gauntlet | Got a fine helmet
 11471 | Gauntlet | Identified the +0 helmet of the Loofah {-Tele rPois rC+++
                  | MR+++} (You found it in a Gauntlet)
 11563 | Gauntlet | Noticed a minotaur
 11588 | Gauntlet | Killed a minotaur
 11775 | D:11     | Noticed a two-headed ogre
 11781 | D:11     | Killed a two-headed ogre
 11866 | D:11     | Received a gift from Trog
 11970 | D:11     | Noticed a centaur warrior
 11975 | D:11     | Killed a centaur warrior
 11975 | D:11     | Reached skill level 5 in Dodging
 11979 | D:11     | Noticed a centaur warrior
 12197 | D:11     | Killed a centaur warrior
 12258 | D:11     | Noticed Sonja
 12267 | D:11     | Killed Sonja
 12523 | D:12     | Reached ****** piety under Trog
 12605 | D:12     | Reached XP level 13. HP: 68/78 MP: 13/13
 12835 | D:12     | Found a frozen archway.
 12844 | IceCv    | Entered an ice cave
 13314 | IceCv    | Got smoking ice dragon scales
 13326 | IceCv    | Identified the +3 ice dragon scales "Utaurch" {rElec rF-
                  | rC++ rN++ Str+5} (You found it in an ice cave)
 13485 | D:12     | Found a blossoming altar of Fedhas.
 13933 | D:13     | Received a gift from Trog
 15469 | D:13     | Found a gate to the Vaults.
 15480 | D:13     | Reached skill level 10 in Fighting
 15678 | D:14     | Killed from afar by a tengu conjurer

Illustrated notes

Levels and vault maps discovered:
D:1:      mainiacjoe_arrival_reflecting_pool, layout_loops_ring,
          serial_bayou_pond_a, minmay_worlds_worst_comb
D:2:      layout_basic, good_gods_temple_1, lemuel_round_altar,
          lemuel_round_altar, first_ration, minmay_tetromino_o4, uniq_jessica
D:3:      layout_loops_cross, overflow_temple_1_default,
          grunt_dithmenos_smoke_and_mirrors, kennysheep_generic_room_3,
          uniq_ijyb
D:4:      layout_basic
D:5:      layout_basic, led_xom_imps, uniq_pikel
D:6:      layout_basic, kennysheep_okawaru_gauntlet,
          nicolae_overflow_crystal_walls, serial_co_window_serial,
          co_window_of_opportunity_a, co_window_corner_a,
          co_window_of_opportunity_a, co_window_corner_a,
          co_window_of_opportunity_a, co_window_of_opportunity_b,
          co_window_corner_cb, co_window_unsneaky_path_b, co_window_corner_b,
          co_window_corner_b, co_window_broadway_b, co_window_unsneaky_path_e,
          co_window_paths_d, glass_columns_a, glass_columns_a, glass_columns_b
D:7:      layout_loops_corners, minmay_temple_entry_nine_rooms, the_bakery
D:8:      layout_loops_ring, lemuel_coloured_pillars_altar,
          nemelex_lonely_heart_becter, uniq_gastronok
D:9:      layout_gridville, david_lair_generic, minmay_mirror_moons_of_madness
D:10:     layout_roguey [special_room_kobold]
D:11:     wad_arrow_thing, layout_rooms, orc_0_dummy, gauntlet_entry_generic,
          enter_bailey_2, uniq_sonja
D:12:     layout_roguey, portal_ice_cave_entry_pillars_1, fedhas_altar_4
D:13:     layout_loops_ring, david_vaults_4, kennysheep_generic_room_16
D:14:     layout_basic, chequers_serial_rivers_small_b, grunt_ministairs_15,
          eino_house_with_fridge

Skill      XL: |  1  2  3  4  5  6  7  8  9 10 11 12 13 |
---------------+----------------------------------------+-----
Maces & Flails | 4 5 6 7 10 11 13 15 17 | 17.0
Dodging        | 3 5 7 |  7.2
Armour         | 4 7 9 |  9.5
Fighting       | 4 8 10 | 10.5

Action                   |  1- 3 |  4- 6 |  7- 9 | 10-12 | 13-15 || total
-------------------------+-------+-------+-------+-------+-------++-------
Melee: Mace              |   152 |   140 |       |       |       ||   292
       Flail             |       |   119 |   427 |   708 |       ||  1254
       Whip              |       |       |    30 |       |       ||    30
       Demon whip        |       |       |       |   160 |   367 ||   527
Invok: Berserk           |       |     2 |     4 |     8 |     1 ||    15
       Trog's Hand       |       |       |       |     1 |     1 ||     2
Evoke: Wand              |       |       |       |     3 |       ||     3
  Use: Scroll            |       |       |     2 |    18 |     3 ||    23
       Potion            |       |       |       |       |     1 ||     1
 Stab: Sleeping          |     1 |       |       |       |       ||     1
       Distracted        |       |     1 |       |       |       ||     1
       Invisible         |       |       |     4 |       |       ||     4
  Eat: Chunk             |     3 |    10 |    15 |    19 |    11 ||    58
       Ration            |       |       |       |     2 |       ||     2
Armor: Animal skin       |    64 |       |       |       |       ||    64
       Leather armour    |       |    44 |       |       |       ||    44
       Scale mail        |       |    56 |   241 |   482 |   104 ||   883
       Ring mail         |       |     2 |       |       |       ||     2
Dodge: Dodged            |   137 |   119 |   211 |   342 |   139 ||   948
